 Dungeon Crawl Stone Soup version 0.19-a0-854-gc78d25d (webtiles) character file.

9 GlaceonGamingDJ the Sneak (level 2, -2/14 HPs)
             Began as a Spriggan Assassin on July 2, 2016.
             Slain by a hound skeleton (3 damage)
             ... on level 4 of the Dungeon.
             The game lasted 00:04:25 (391 turns).

GlaceonGamingDJ the Sneak (Spriggan Assassin)        Turns: 391, Time: 00:04:25

Health: -2/14      AC:  3    Str:  7    XL:     2   Next: 6%
Magic:  3/3        EV: 17    Int: 12    God:
Gold:   0          SH:  0    Dex: 17    Spells: 0 memorised, 1 level left

rFire  . . .     SeeInvis +     a - +2 dagger
rCold  . . .     Gourm    .     c - +0 robe
rNeg   . . .     Faith    .     (shield restricted)
rPois  .         Spirit   .     (helmet restricted)
rElec  .         Dismiss  .     d - +0 cloak
rCorr  .         Reflect  .     (gloves unavailable)
SustAt .         Harm     .     (boots unavailable)
MR     .....                    (no amulet)
Stlth  ++++......               (no ring)
                                (no ring)

@: very quick, not resistant to hostile enchantments, stealthy
A: unfitting armour, see invisible, herbivore 3, speed 3, slow metabolism 2
a: no special abilities


You were on level 4 of the Dungeon.
You were not hungry.

You visited 1 branch of the dungeon, and saw 4 of its levels.

Inventory:

Hand Weapons
 a - a +2 dagger (weapon)
 b - a +0 blowgun
Missiles
 e - 8 poisoned needles
 f - 2 curare-tipped needles
Armour
 c - a +0 robe (worn)
 d - a +0 cloak (worn)
Scrolls
 j - a scroll of identify {unknown}
 l - a scroll of blinking {unknown}
Potions
 k - a potion of flight
Comestibles
 g - 2 bread rations
 h - a meat ration
 i - 2 beef jerkies
 m - a slice of pizza


   Skills:
 + Level 1.6 Fighting
 + Level 2.3 Short Blades
 + Level 2.0 Throwing
 + Level 1.7 Dodging
 + Level 6.4 Stealth


You had one spell level left.
You didn't know any spells.

Dungeon Overview and Level Annotations

Branches:
Dungeon (4/15)
 Temple: D:4-7

Altars:


Innate Abilities, Weirdness & Mutations

You are tiny and cannot use many weapons and most armour.
You have supernaturally acute eyesight. (SInv)
You are a herbivore.
You cover ground extremely quickly.
You need consume almost no food.


Message History

The orc shouts!
An orc comes into view. It is wielding a hand axe.
You open the door.
A hound skeleton comes into view.
An orc comes into view.
It is wielding a short sword of holy wrath.
There is an open door here.
You hit the hound skeleton. The hound skeleton bites you.
You barely miss the hound skeleton. The hound skeleton barely misses you.
You hit the hound skeleton. The hound skeleton bites you.
* * * LOW HITPOINT WARNING * * *
The hound skeleton completely misses you.
You hit the hound skeleton. The hound skeleton closely misses you.
You barely miss the hound skeleton.
The hound skeleton bites you but does no damage.
The orc completely misses you.
You hit the hound skeleton. The hound skeleton closely misses you.
You hit the hound skeleton but do no damage.
The hound skeleton barely misses you. The orc barely misses you.
You hit the hound skeleton. The hound skeleton bites you.
You die...

#.......... #........
#......###########
#....[...........#
+................#
#................#
###'###..........#
#o##.).........###
#@##...........'..
#Z##...........##.
..##...........##.
.######...........##.
........############.
.....................
.................####
.................#
...........##'####


You could see an orc and a hound skeleton.

Vanquished Creatures
  A giant gecko (D:2)
  2 bats (D:1)
  2 goblins (D:1)
  A hobgoblin (D:1)
  A kobold (D:2)
7 creatures vanquished.

Notes
Turn   | Place    | Note
-------+----------+-------------------------------------------
     0 | D:1      | GlaceonGamingDJ the Spriggan Assassin began the quest for the Orb.
     0 | D:1      | Reached XP level 1. HP: 10/10 MP: 2/2
   112 | D:1      | Reached skill level 6 in Stealth
   226 | D:2      | Reached XP level 2. HP: 7/14 MP: 3/3
   391 | D:4      | Slain by a hound skeleton

Vault maps used:
D:1:      minmay_arrival_widening_spiral_wide, minmay_pentomino_t4
D:2:      minitemple, first_bread, okawaru_altar_gauntlet_db
D:3:      tso_altar, lemuel_round_altar
D:4:      uniq_edmund, uniq_robin

Skill      XL: |  1 |
---------------+----+-----
Stealth        | 6 |  6.4
Fighting       | |  1.6
Short Blades   | |  2.3
Throwing       | |  2.0
Dodging        | |  1.7

Action                   || total
-------------------------++-------
Melee: Dagger            ||    24
  Use: Potion            ||     4
 Stab: Sleeping          ||     1
Armor: Robe              ||     5
Dodge: Dodged            ||    30
